cohdb
Replays
Latest Replays
All Replays
Popular Replays
Top Player Replays
Match Explorer
How It Works
Community
CoH3 Stats
Reddit
Sign in to upload your games and track your stats! →
Sign in with Steam
Match 38714265
Unlisted
Match 38714265
Overview
Messages
Build Orders
End
Selects Australian Defense Battlegroup
Selects Australian Light Infantry Section
Australian Light Infantry Section
Royal Engineer Section
Australian Light Infantry Section
Construct Section Command Post
Dingo Light Scout Car
Construct Platoon Command Post
Unlock M3 Stuart Light Tanks
Selects 2-pounder Anti-tank Gun Team
M3 Stuart Light Tank
Construct Field Infirmary
Australian Light Infantry Section
2-pounder Anti-tank Gun Team
Construct Company Command Post
Foot Guards Section
Teru
馬格南警官
sharpshooter
๖ۣۜF1re
0
0
Comments
sign in to comment!
No comments posted yet!